 Dungeon Crawl Stone Soup version 0.22-a0-469-gf26638a (webtiles) character file.

29 CougarLife the Chopper (level 3, -4/27 HPs)
             Began as a Demonspawn Gladiator on June 12, 2018.
             Slain by a worm (7 damage)
             ... on level 2 of the Dungeon.
             The game lasted 00:01:03 (700 turns).

CougarLife the Chopper (Demonspawn Gladiator)        Turns: 700, Time: 00:01:04

Health: -4/27      AC:  5    Str: 15    XL:     3   Next: 1%
Magic:  3/3        EV: 13    Int:  9    God:
Gold:   41         SH:  0    Dex: 14    Spells: 2/2 levels left

rFire    . . .     SeeInvis .   a - +0 war axe
rCold    . . .     Gourm    .   (no shield)
rNeg     . . .     Faith    .   b - +0 leather armour
rPois    .         Spirit   .   (helmet restricted)
rElec    .         Reflect  .   (no cloak)
rCorr    .         Harm     .   (no gloves)
MR       .....                  (no boots)
Stlth    +.........             (no amulet)
HPRegen  0.09/turn              (no ring)
MPRegen  0.08/turn              (no ring)

@: no status effects
A: antennae 1, iridescent scales 1
a: no special abilities


You were on level 2 of the Dungeon.
You were not hungry.

You visited 1 branch of the dungeon, and saw 2 of its levels.

You collected 41 gold pieces.

Inventory:

Hand Weapons
 a - a +0 war axe (weapon)
Missiles
 d - 3 throwing nets (quivered)
Armour
 b - a +0 leather armour (worn)
 c - a +0 helmet
Scrolls
 g - 2 scrolls of identify {unknown}
 i - a scroll of enchant armour {unknown}
 j - a scroll of enchant weapon {unknown}
Potions
 e - 2 potions of heal wounds {unknown}
 h - a potion of lignification {unknown}
Comestibles
 f - 2 rations
 k - a chunk of flesh


   Skills:
 - Level 2.0 Fighting
 + Level 3.6 Axes
 - Level 1.7 Throwing
 - Level 3.0 Dodging


You had 2 spell levels left.
You didn't know any spells.
Your spell library was empty.

Dungeon Overview and Level Annotations

Branches:
Dungeon (2/15)

Altars:


Innate Abilities, Weirdness & Mutations

You have a pair of small antennae on your head.
You are partially covered in iridescent scales. (AC +2)


Message History

You are too injured to fight recklessly!
You are too injured to fight recklessly!
You hit the worm but do no damage.
The worm is heavily wounded.
The worm completely misses you.
You hit the worm.
The worm is severely wounded.
You hit the goblin. The goblin misses you. The goblin hits you with a club.
* * * LOW HITPOINT WARNING * * *
You barely miss the worm.
The worm is severely wounded.
You hit the goblin.
You kill the goblin!
You have reached level 3!
Your experience leads to an increase in your attributes!
Increase (S)trength, (I)ntelligence, or (D)exterity?
You feel stronger.
Your demonic ancestry asserts itself...
A pair of antennae grows on your head!
Your +0 helmet falls away!
The worm bites you!
You die...

.........# #.#. ..
#......... ...
..##......#..####.#
.....#...# #....#.. #.
#.#.#.###.<...#[
#$##..............† .
#.#...$............
....##.#......<####.#...
......w@................
......).........###.##..
................# #.##..
................# #.##..
................# #.....
................# ###...
................# #...
................#####...
..........


You could see a worm.

Vanquished Creatures
  An ooze (D:1)
  2 dart slugs
  3 leopard geckos
  2 goblins
  A bat (D:1)
  4 frilled lizards
  6 kobolds
  A rat (D:1)
20 creatures vanquished.

Notes
Turn   | Place    | Note
-------+----------+-------------------------------------------
     0 | D:1      | CougarLife the Demonspawn Gladiator began the quest for the Orb.
     0 | D:1      | Reached XP level 1. HP: 16/16 MP: 1/1
    52 | D:1      | Gained mutation: You are partially covered in iridescent scales. (AC +2) [demonic ancestry]
    52 | D:1      | Reached XP level 2. HP: 13/22 MP: 2/2
   654 | D:2      | Found a faded altar of an unknown god.
   700 | D:2      | Gained mutation: You have a pair of small antennae on your head. [demonic ancestry]
   700 | D:2      | Reached XP level 3. HP: 3/27 MP: 3/3
   700 | D:2      | Slain by a worm

Vault maps used:
D:1:      dpeg_arrival_rooms_a
D:2:      chequers_ecumenical_altar_simple_redux, serial_bayou_pond_d,
          lightli_corner_chamber

Skill      XL: |  1 |
---------------+----+-----
Dodging        | 3 |  3.0
Axes           | 3 |  3.6
Fighting       | |  2.0
Throwing       | |  1.7

Action                   || total
-------------------------++-------
Melee: War axe           ||    54
Armor: Leather armour    ||    14
Dodge: Dodged            ||    55

Table legend:
 A = Spawn XP
 B = Non-spawn XP
 C = Spawn XP percentage of total XP
 D = Spawn monster count
 E = Non-spawn monster count
 F = Spawn count percentage of total count
 G = Total turns spent on level
                    A         B        C        D         E        F      G
               +---------+---------+-------+---------+---------+-------+---------
         Total |       0 |      42 |   0.0 |       0 |      20 |   0.0 |   700
               +---------+---------+-------+---------+---------+-------+---------
           D:1 |       0 |      31 |   0.0 |       0 |      15 |   0.0 |   643
           D:2 |       0 |      11 |   0.0 |       0 |       5 |   0.0 |    57
               +---------+---------+-------+---------+---------+-------+---------
